TOP OF THE 1ST |
Richmond Flairs batting - Pitching for Utica Unicorns : RHP Alfredo Montero
|
Pitching: RHP Alfredo Montero
|
|
Batting: RHB Mario López
|
0-0: Ball 1-0: Foul Ball, location: 2F 1-1: Ball 2-1: SOLO HOME RUN (Flyball, 7D), Distance : 379 ft
|
Batting: LHB Dave Gray
|
0-0: Foul Ball, location: 2F 0-1: Ball 1-1: Ball 2-1: SINGLE (Line Drive, 4)
|
Batting: LHB Sean Nicks
|
0-0: Called Strike 0-1: SINGLE (Groundball, 34D) Dave Gray to second Runner from 2nd tries for 3rd, SAFE, throw made to third
|
Batting: LHB Roland Jones
|
0-0: Ball 1-0: Ground out 5-3 (Groundball, 56S) Dave Gray scores Sean Nicks to second
|
Batting: RHB Elliott Johnston
|
0-0: Ball 1-0: Ball 2-0: Ball 3-0: Base on Balls
|
Batting: SHB António Enríquez
|
0-0: Ball 1-0: Ball 2-0: Ball 3-0: Base on Balls Sean Nicks to third Elliott Johnston to second
|
Batting: SHB Carlos Reyes
|
0-0: Called Strike 0-1: Ball 1-1: Ball 2-1: Called Strike 2-2: Ball 3-2: Strikes out swinging
|
Batting: RHB Gary Thomas
|
0-0: Called Strike 0-1: Ball 1-1: Fielders Choice at 2nd, 5-4 (Groundball, 5)
|
Top of the 1st over - 2 run(s), 3 hit(s), 0 error(s), 2 left on base; Richmond 2 - Utica 0 |
BOTTOM OF THE 1ST |
Utica Unicorns batting - Pitching for Richmond Flairs : RHP Curt Watkins
|
Pitching: RHP Curt Watkins
|
|
Batting: LHB Jesús Raugel
|
0-0: Called Strike 0-1: Ball 1-1: Ball 2-1: Fly out, F4 (Popup, 34D)
|
Batting: RHB Mitsuoki Taguchi
|
0-0: Foul Ball, location: 2F 0-1: Ball 1-1: Foul Ball, location: 2F 1-2: Foul Ball, location: 2F 1-2: SINGLE (Groundball, 4MD)
|
Batting: LHB Sixto Cantú
|
0-0: Ball 1-0: Ball 2-0: Ball 3-0: Base on Balls Mitsuoki Taguchi to second
|
Batting: RHB Gerald Burnett
|
0-0: Grounds into double play, 6-4-3 (Groundball, 6)
|
Bottom of the 1st over - 0 run(s), 1 hit(s), 0 error(s), 1 left on base; Richmond 2 - Utica 0 |
TOP OF THE 2ND |
Richmond Flairs batting - Pitching for Utica Unicorns : RHP Alfredo Montero
|
Batting: SHB Adrián Miranda
|
0-0: Ball 1-0: Swinging Strike 1-1: Foul Ball, location: 2F 1-2: Strikes out swinging
|
Batting: RHB Mario López
|
0-0: Foul Ball, location: 2F 0-1: SINGLE (Groundball, 6MD)
|
Batting: LHB Dave Gray
|
0-0: Ball 1-0: Ball 2-0: Fly out, F3 (Line Drive, 3)
|
Batting: LHB Sean Nicks
|
0-0: SINGLE (Line Drive, 89S) Mario López to second Runner from 2nd tries for 3rd, OUT!
|
Top of the 2nd over - 0 run(s), 2 hit(s), 0 error(s), 1 left on base; Richmond 2 - Utica 0 |
BOTTOM OF THE 2ND |
Utica Unicorns batting - Pitching for Richmond Flairs : RHP Curt Watkins
|
Batting: LHB Patrick Bright
|
0-0: Ground out 6-3 (Groundball, 6M)
|
Batting: RHB Danny Crouch
|
0-0: Ball 1-0: Called Strike 1-1: Swinging Strike 1-2: Foul Ball, location: 2F 1-2: Foul Ball, location: 2F 1-2: Strikes out looking
|
Batting: RHB Héctor Jiménez
|
0-0: Ball 1-0: Ball 2-0: Called Strike 2-1: Foul Ball, location: 2F 2-2: Foul Ball, location: 2F 2-2: Strikes out swinging
|
Bottom of the 2nd over - 0 run(s), 0 hit(s), 0 error(s), 0 left on base; Richmond 2 - Utica 0 |
TOP OF THE 3RD |
Richmond Flairs batting - Pitching for Utica Unicorns : RHP Alfredo Montero
|
Batting: LHB Roland Jones
|
0-0: Called Strike 0-1: Ground out 5-3 (Groundball, 5)
|
Batting: RHB Elliott Johnston
|
0-0: Ball 1-0: Called Strike 1-1: Fly out, F9 (Line Drive, 89M)
|
Batting: SHB António Enríquez
|
0-0: Foul Ball, location: 2F 0-1: Ball 1-1: Foul Ball, location: 2F 1-2: Ground out 5-3 (Groundball, 56)
|
Top of the 3rd over - 0 run(s), 0 hit(s), 0 error(s), 0 left on base; Richmond 2 - Utica 0 |
BOTTOM OF THE 3RD |
Utica Unicorns batting - Pitching for Richmond Flairs : RHP Curt Watkins
|
Batting: LHB Raúl Morales
|
0-0: Called Strike 0-1: Ball 1-1: Ground out 4-3 (Groundball, 34)
|
Batting: RHB António Magana
|
0-0: Ground out 6-3 (Groundball, 6)
|
Batting: LHB Jesús Raugel
|
0-0: Ball 1-0: Fly out, F7 (Flyball, 7LD)
|
Bottom of the 3rd over - 0 run(s), 0 hit(s), 0 error(s), 0 left on base; Richmond 2 - Utica 0 |
TOP OF THE 4TH |
Richmond Flairs batting - Pitching for Utica Unicorns : RHP Alfredo Montero
|
Batting: SHB Carlos Reyes
|
0-0: Ball 1-0: Ball 2-0: Swinging Strike 2-1: Ball 3-1: Foul Ball, location: 2F 3-2: Base on Balls
|
Batting: RHB Gary Thomas
|
0-0: Foul Ball, location: 2F 0-1: Foul Ball, location: 2F 0-2: Strikes out swinging
|
Batting: SHB Adrián Miranda
|
0-0: Foul Ball, location: 2F 0-1: Ball 1-1: SINGLE (Groundball, 4MD) Carlos Reyes to second Runner from 2nd tries for 3rd, SAFE, throw made to third
|
Batting: RHB Mario López
|
0-0: Ball 1-0: Called Strike 1-1: Ball 2-1: Swinging Strike 2-2: Fly out, F9 (Flyball, 9LMF) Runner from 3rd tags up, SCORES, no throw
|
Batting: LHB Dave Gray
|
0-0: Ball 1-0: Ball 2-0: Called Strike 2-1: Fielders Choice at 2nd, 6-4 (Groundball, 6)
|
Top of the 4th over - 1 run(s), 1 hit(s), 0 error(s), 0 left on base; Richmond 3 - Utica 0 |
BOTTOM OF THE 4TH |
Utica Unicorns batting - Pitching for Richmond Flairs : RHP Curt Watkins
|
Batting: RHB Mitsuoki Taguchi
|
0-0: Ball 1-0: Ground out 6-3 (Groundball, 56D)
|
Batting: LHB Sixto Cantú
|
0-0: Called Strike 0-1: Ball 1-1: Called Strike 1-2: Foul Ball, location: 2F 1-2: Strikes out swinging
|
Batting: RHB Gerald Burnett
|
0-0: Called Strike 0-1: Called Strike 0-2: Strikes out looking
|
Bottom of the 4th over - 0 run(s), 0 hit(s), 0 error(s), 0 left on base; Richmond 3 - Utica 0 |
TOP OF THE 5TH |
Richmond Flairs batting - Pitching for Utica Unicorns : RHP Alfredo Montero
|
Batting: LHB Sean Nicks
|
0-0: Called Strike 0-1: Called Strike 0-2: Ball 1-2: Ball 2-2: Ball 3-2: Foul Ball, location: 2F 3-2: SINGLE (Flyball, 8LS)
|
Batting: LHB Roland Jones
|
0-0: Swinging Strike 0-1: Fly out, F2 (Popup, 3S)
|
Batting: RHB Elliott Johnston
|
0-0: Swinging Strike 0-1: Ball 1-1: Ground out 4-3 (Groundball, 34) Sean Nicks to second
|
Batting: SHB António Enríquez
|
0-0: Ball 1-0: Ball 2-0: Ground out 5-3 (Groundball, 56)
|
Top of the 5th over - 0 run(s), 1 hit(s), 0 error(s), 1 left on base; Richmond 3 - Utica 0 |
BOTTOM OF THE 5TH |
Utica Unicorns batting - Pitching for Richmond Flairs : RHP Curt Watkins
|
Batting: LHB Patrick Bright
|
0-0: Called Strike 0-1: SINGLE (Groundball, 4MD)
|
Batting: RHB Danny Crouch
|
0-0: Ball 1-0: Called Strike 1-1: Swinging Strike 1-2: Ball 2-2: Fielders Choice at 2nd, 1-4 (Groundball, 15)
|
Batting: RHB Héctor Jiménez
|
0-0: Foul Ball, location: 2F 0-1: Ball 1-1: Swinging Strike 1-2: Foul Ball, location: 2F 1-2: Ball 2-2: SINGLE (Line Drive, 89S) Danny Crouch to second
|
Batting: LHB Raúl Morales
|
0-0: Called Strike 0-1: Swinging Strike 0-2: Ball 1-2: DOUBLE (Line Drive, 89M) Danny Crouch scores Héctor Jiménez to third Runner from 3rd tries for Home, SAFE, throw made home
|
Batting: RHB António Magana
|
0-0: Called Strike Raúl Morales steals 3rd base 0-1: Swinging Strike 0-2: SINGLE (Flyball, 89S) Raúl Morales scores
|
Batting: LHB Jesús Raugel
|
0-0: Ball 1-0: Fielders Choice at 2nd, 6-4 (Groundball, 6)
|
Batting: RHB Mitsuoki Taguchi
|
0-0: Ball Jesús Raugel steals 2nd base 1-0: Swinging Strike 1-1: Ball 2-1: Ball 3-1: Foul Ball, location: 2F 3-2: Base on Balls
|
Batting: LHB Sixto Cantú
|
0-0: Called Strike 0-1: SINGLE (Line Drive, 78S) Jesús Raugel to third Mitsuoki Taguchi to second Throwing error, E7 Jesús Raugel scores Mitsuoki Taguchi to third Sixto Cantú to second
|
Batting: RHB Gerald Burnett
|
0-0: Ball 1-0: Ball 2-0: Called Strike 2-1: Ball 3-1: Fly out, F4 (Popup, 34D)
|
Bottom of the 5th over - 4 run(s), 5 hit(s), 1 error(s), 2 left on base; Richmond 3 - Utica 4 |
TOP OF THE 6TH |
Richmond Flairs batting - Pitching for Utica Unicorns : RHP Alfredo Montero
|
Batting: SHB Carlos Reyes
|
0-0: Ball 1-0: Ball 2-0: Foul Ball, location: 2F 2-1: Ball 3-1: Ground out 3-1 (Groundball, 34)
|
Batting: RHB Gary Thomas
|
0-0: Ball 1-0: Ball 2-0: Ground out 6-3 (Groundball, 6)
|
Batting: SHB Adrián Miranda
|
0-0: Called Strike 0-1: Ball 1-1: Ball 2-1: Foul Ball, location: 2F 2-2: SINGLE (Groundball, 34D)
|
Batting: RHB Mario López
|
0-0: Ball 1-0: Called Strike 1-1: Ball 2-1: Foul Ball, location: 2F 2-2: Ball 3-2: Base on Balls Adrián Miranda to second
|
Pitching: RHP Wayne Sawyer
|
|
Batting: LHB Dave Gray
|
0-0: Ball 1-0: Ball 2-0: Swinging Strike 2-1: SINGLE (Groundball, 4D) Adrián Miranda to third Mario López to second Runner from 3rd tries for Home, SAFE, no throw
|
Batting: LHB Sean Nicks
|
0-0: Swinging Strike 0-1: Foul Ball, location: 2F 0-2: Foul Ball, location: 2F 0-2: Ball 1-2: Ball 2-2: Strikes out swinging
|
Top of the 6th over - 1 run(s), 2 hit(s), 0 error(s), 2 left on base; Richmond 4 - Utica 4 |
BOTTOM OF THE 6TH |
Utica Unicorns batting - Pitching for Richmond Flairs : RHP Curt Watkins
|
Batting: LHB Patrick Bright
|
0-0: Ball 1-0: Ball 2-0: Ball 3-0: Base on Balls
|
Pitching: RHP Gustavo Ramos
|
|
Batting: RHB Danny Crouch
|
0-0: Ball 1-0: Swinging Strike 1-1: Called Strike 1-2: Strikes out swinging
|
Batting: RHB Héctor Jiménez
|
0-0: Foul Ball, location: 2F 0-1: Ball Pickoff Throw to First - Out! 1-1: Fly out, F6 (Line Drive, 6)
|
Bottom of the 6th over - 0 run(s), 0 hit(s), 0 error(s), 0 left on base; Richmond 4 - Utica 4 |
TOP OF THE 7TH |
Richmond Flairs batting - Pitching for Utica Unicorns : RHP Wayne Sawyer
|
Batting: LHB Roland Jones
|
0-0: Ball 1-0: Ball 2-0: Ball 3-0: Base on Balls
|
Batting: RHB Elliott Johnston
|
0-0: Ball 1-0: Ball 2-0: Ball 3-0: Called Strike 3-1: Base on Balls Roland Jones to second
|
Pitching: RHP Mario González
|
|
Batting: SHB António Enríquez
|
0-0: Called Strike 0-1: Foul Ball, location: 2F 0-2: Foul Ball, location: 2F 0-2: Ball Wild Pitch! Roland Jones to third Elliott Johnston to second 1-2: Foul Ball, location: 2F 1-2: Foul Ball, location: 2F 1-2: Ball 2-2: Foul Ball, location: 2F 2-2: Foul Ball, location: 2F 2-2: Ball 3-2: Intentional Walk
|
Pitching: RHP Grant Jackson
|
|
Batting: SHB Carlos Reyes
|
0-0: Called Strike 0-1: Foul Ball, location: 2F 0-2: Strikes out looking
|
Pitching: LHP Javier Luna
|
|
Pinch Hitting: RHB Lonson Seals
|
0-0: Swinging Strike 0-1: Called Strike 0-2: Foul Ball, location: 2F 0-2: Ball 1-2: Strikes out swinging
|
Pitching: RHP Claudio Rivera
|
|
Batting: SHB Adrián Miranda
|
0-0: Called Strike 0-1: Ball 1-1: Called Strike 1-2: Ball 2-2: Ball 3-2: Foul Ball, location: 2F 3-2: Base on Balls Roland Jones scores Elliott Johnston to third António Enríquez to second
|
Batting: RHB Mario López
|
0-0: Called Strike 0-1: Ball 1-1: Ball 2-1: Fly out, F7 (Flyball, 78M)
|
Top of the 7th over - 1 run(s), 0 hit(s), 0 error(s), 3 left on base; Richmond 5 - Utica 4 |
BOTTOM OF THE 7TH |
Utica Unicorns batting - Pitching for Richmond Flairs : RHP Gustavo Ramos
|
Pitching: LHP Salvador Rodríguez
|
|
Now at 2B: Lonson Seals
|
|
Batting: LHB Raúl Morales
|
0-0: Fly out, F9 (Flyball, 9LMF)
|
Batting: RHB António Magana
|
0-0: Ball 1-0: Foul Ball, location: 2F 1-1: Foul Ball, location: 2F 1-2: Ball 2-2: Strikes out swinging
|
Pitching: RHP Carlos Fernández
|
|
Batting: LHB Jesús Raugel
|
0-0: Ball 1-0: Called Strike 1-1: Ball 2-1: Foul Ball, location: 2F 2-2: Foul Ball, location: 2F 2-2: Ball 3-2: Strikes out swinging
|
Bottom of the 7th over - 0 run(s), 0 hit(s), 0 error(s), 0 left on base; Richmond 5 - Utica 4 |
TOP OF THE 8TH |
Richmond Flairs batting - Pitching for Utica Unicorns : RHP Claudio Rivera
|
Batting: LHB Dave Gray
|
0-0: Foul Ball, location: 2F 0-1: Ball 1-1: Ball 2-1: Ball 3-1: Called Strike 3-2: Base on Balls
|
Batting: LHB Sean Nicks
|
0-0: Foul Ball, location: 2F 0-1: Foul Ball, location: 2F 0-2: Strikes out looking
|
Batting: LHB Roland Jones
|
0-0: Ball 1-0: Fly out, F7 (Flyball, 7S)
|
Batting: RHB Elliott Johnston
|
0-0: Swinging Strike 0-1: Ball 1-1: Called Strike 1-2: Ball 2-2: Strikes out looking
|
Top of the 8th over - 0 run(s), 0 hit(s), 0 error(s), 1 left on base; Richmond 5 - Utica 4 |
BOTTOM OF THE 8TH |
Utica Unicorns batting - Pitching for Richmond Flairs : RHP Carlos Fernández
|
Pitching: RHP Frank Martin
|
|
Now at 1B: Freddy Padilla
|
|
Batting: RHB Mitsuoki Taguchi
|
0-0: Fly out, F4 (Popup, 4D)
|
Batting: LHB Sixto Cantú
|
0-0: Foul Ball, location: 2F 0-1: Swinging Strike 0-2: Foul Ball, location: 2F 0-2: Ball 1-2: Ball 2-2: Strikes out swinging
|
Batting: RHB Gerald Burnett
|
0-0: Ground out 6-3 (Groundball, 6)
|
Bottom of the 8th over - 0 run(s), 0 hit(s), 0 error(s), 0 left on base; Richmond 5 - Utica 4 |
TOP OF THE 9TH |
Richmond Flairs batting - Pitching for Utica Unicorns : RHP Claudio Rivera
|
Batting: SHB António Enríquez
|
0-0: Fly out, F7 (Flyball, 7)
|
Batting: SHB Carlos Reyes
|
0-0: SINGLE (Flyball, 9LS)
|
Batting: RHB Lonson Seals
|
0-0: Ball 1-0: 2-RUN HOME RUN (Flyball, 7D), Distance : 380 ft
|
Batting: SHB Adrián Miranda
|
0-0: Called Strike 0-1: Foul Ball, location: 2F 0-2: Fly out, F9 (Flyball, 9)
|
Batting: RHB Mario López
|
0-0: Ball 1-0: Foul Ball, location: 2F 1-1: Swinging Strike 1-2: Fly out, F8 (Line Drive, 8RD)
|
Top of the 9th over - 2 run(s), 2 hit(s), 0 error(s), 0 left on base; Richmond 7 - Utica 4 |
BOTTOM OF THE 9TH |
Utica Unicorns batting - Pitching for Richmond Flairs : RHP Frank Martin
|
Pitching: RHP Alfonso Rodríguez
|
|
Batting: LHB Patrick Bright
|
0-0: Swinging Strike 0-1: Ball 1-1: SINGLE (Flyball, 9LS)
|
Batting: RHB Danny Crouch
|
0-0: Ball 1-0: Called Strike 1-1: Swinging Strike 1-2: Strikes out swinging
|
Batting: RHB Héctor Jiménez
|
0-0: Ball 1-0: Ball 2-0: Called Strike 2-1: Foul Ball, location: 2F 2-2: Grounds into double play, 5-4-3 (Groundball, 56)
|
Bottom of the 9th over - 0 run(s), 1 hit(s), 0 error(s), 0 left on base; Richmond 7 - Utica 4 |
|